 Dungeon Crawl Stone Soup version 0.18-a0-884-gb6cfd45 (webtiles) character file.

313 M4edhros the Sneak (level 6, -10/38 HPs)
             Began as an Octopode Artificer on Dec 22, 2015.
             Was a Follower of Fedhas.
             Killed by the severe capriciousness of Xom (48 damage)
             ... on level 3 of the Dungeon.
             The game lasted 00:09:54 (3574 turns).

M4edhros the Sneak (Octopode Artificer)             Turns: 3574, Time: 00:09:58

Health: -10/38     AC:  1    Str: 10    XL:     6   Next: 43%
Magic:  9/9        EV: 14    Int: 20    God:    Fedhas [*.....]
Gold:   144        SH:  0    Dex: 13    Spells: 0 memorised, 5 levels left

rFire  . . .     SeeInvis .     q - +4 rapier of Atoeh {freeze, rPois Stlth+}
rCold  . . .     Gourm    .     (no shield)
rNeg   . . .     Faith    .     (helmet restricted)
rPois  +         Spirit   .     (no amulet)
rElec  .         Dismiss  .     n - +4 ring of intelligence
rCorr  .         Reflect  .     (no ring)
SustAt .         Harm     .     (no ring)
MR     .....                    (no ring)
Stlth  +++++.....               (no ring)
                                (no ring)
                                (no ring)
                                (no ring)

@: not resistant to hostile enchantments, quite stealthy
A: almost no armour, amphibious, 8 rings, constrict 8, camouflage 1, gelatinous
body 1
a: Evolution, Renounce Religion


You were on level 3 of the Dungeon.
You worshipped Fedhas.
Fedhas was aware of your devotion.
You were very hungry.

You visited 2 branches of the dungeon, and saw 5 of its levels.

You collected 241 gold pieces.
You spent 97 gold pieces at shops.

Inventory:

Hand Weapons
 l - a +0 hunting sling
 q - the +4 rapier of Atoeh (weapon) {freeze, rPois Stlth+}
   (You found it on level 4 of the Dungeon)

   It has been specially enchanted to freeze those struck by it, causing extra
   injury to most foes and up to half again as much damage against particularly
   susceptible opponents.
   It can also slow down cold-blooded creatures.
   It protects you from poison.
   It makes you more stealthy.
 s - a +0 whip of draining
 v - a +0 rapier of speed
Missiles
 e - 5 javelins (quivered)
 k - 64 stones
 r - 19 sling bullets
 w - 16 sling bullets of flame
Armour
 x - a +0 hat
Jewellery
 n - a +4 ring of intelligence (left tentacle)
Wands
 b - a wand of flame (7/48)
 c - a wand of enslavement (3/24)
 d - a wand of random effects (2/48)
 j - a wand of fireball (7/15)
Scrolls
 i - a scroll of identify {unknown}
 o - 2 scrolls of noise {unknown}
 p - a scroll of enchant weapon
Potions
 a - a potion of cure mutation {unknown}
 m - a potion of invisibility {unknown}
 t - a potion of curing {unknown}
 u - a potion of might {unknown}
Comestibles
 f - 5 bread rations
 g - a slice of pizza
 h - 2 meat rations


   Skills:
 - Level 1.0 Fighting
 - Level 1.0 Short Blades
 * Level 2.0 Slings
 * Level 4.1 Dodging
 * Level 5.1 Stealth
 + Level 0.0 Invocations
 + Level 4.5 Evocations


You had 5 spell levels left.
You didn't know any spells.

Dungeon Overview and Level Annotations

Branches:
Dungeon (4/15)             Temple (1/1) D:4

Altars:
Ashenzari
Elyvilon
Fedhas
Gozag
Kikubaaqudgha
Makhleb
Nemelex Xobeh
Okawaru
Pakellas
Qazlal
Sif Muna
Trog
Xom
Yredelemnul
Zin
The Shining One

Shops:
D:4 ?


Innate Abilities, Weirdness & Mutations

You cannot wear most types of armour.
You are amphibious.
You can wear up to eight rings at the same time.
You can use your tentacles to constrict eight enemies at once.
Your skin changes colour to match your surroundings (Stealth).
Your rubbery body absorbs attacks (AC +1).


Message History

You miss the adder. You grab the adder. You squeeze the adder!
You kill the adder!
No target in view!
No target in view!
No target in view!
You offer a prayer to Fedhas.
A toadstool grows from a nearby corpse.
Fedhas appreciates your contribution to the ecosystem.
Fedhas is aware of your devotion.
You now have 144 gold pieces (gained 18).
A nearby toadstool withers and dies.
e - 5 javelins (gained 1)
k - 64 stones (gained 11) Xom's power touches on you.
There is a sudden and violent explosion of flames!
The fireball engulfs you!
Ouch! That really hurt!
You die...
Xom is highly amused!
Fedhas appreciates your contribution to the ecosystem.

...[..................
....................>.
........>.............
......................
......................
..........#...........
####.....##......#...
.....<..#.......######
..###.......[...@f...#
#....).#.............#
.......รท..#..........#
.....#.#..######.#####
..........## #.#
.....#.##...####)#
....##.........<.#
.#.......###..####
####.....# ##.#


You could see a friendly wandering mushroom.

Vanquished Creatures
  An orc priest (D:3)
  A giant frog skeleton (D:4)
  A hound skeleton (D:4)
  7 gnolls
  8 adders
  An ooze (D:2)
  A worm (D:3)
  A giant gecko (D:3)
  3 orcs
  A giant cockroach (D:2)
  8 goblins
  9 hobgoblins
  6 kobolds
  7 bats
  2 giant newts (D:2)
  5 jackals
  7 rats
69 creatures vanquished.

Vanquished Creatures (collateral kills)
  An adder (D:3)
  2 gnolls (D:3)
  A worm (D:3)
  A jackal (D:4)
  A giant newt (D:3)
6 creatures vanquished.

Vanquished Creatures (others)
  A worker ant (D:4)
  3 gnolls (D:3)
  An orc (D:3)
  A ball python (D:3)
  25 toadstools
31 creatures vanquished.

Grand Total: 106 creatures vanquished

Notes
Turn   | Place    | Note
--------------------------------------------------------------
     0 | D:1      | M4edhros the Octopode Artificer began the quest for the Orb.
     0 | D:1      | Reached XP level 1. HP: 13/13 MP: 3/3
   320 | D:1      | Reached XP level 2. HP: 8/18 MP: 4/4
   504 | D:2      | Reached XP level 3. HP: 20/23 MP: 5/5
   580 | D:2      | Found a glowing golden altar of the Shining One.
   580 | D:2      | Found a glowing silver altar of Zin.
   584 | D:2      | Found a white marble altar of Elyvilon.
  1183 | D:3      | Reached skill level 4 in Evocations
  1186 | D:3      | Reached XP level 4. HP: 24/28 MP: 5/7
  1249 | D:3      | Found a shattered altar of Ashenzari.
  1249 | D:3      | Reached XP level 5. HP: 4/33 MP: 8/8
  1435 | D:3      | Found a glowing drain.
  1776 | D:4      | Noticed a phantom
  2285 | D:4      | Reached skill level 1 in Slings
  2562 | D:4      | Found Ufus's Magic Scroll Shoppe.
  2569 | D:4      | Bought a scroll of enchant weapon for 97 gold pieces
  2576 | D:4      | Got a jewelled rapier
  2577 | D:4      | Identified the +4 rapier of Atoeh {freeze, rPois Stlth+} (You found it on level 4 of the Dungeon)
  2600 | D:4      | Reached XP level 6. HP: 20/38 MP: 9/9
  2656 | D:4      | Found a staircase to the Ecumenical Temple.
  2678 | Temple   | Entered the Ecumenical Temple
  2682 | Temple   | Became a worshipper of Xom the Fickle
  2689 | Temple   | Fell from the grace of Xom
  2689 | Temple   | Became a worshipper of Fedhas Madash
  2755 | D:2      | Reached skill level 5 in Stealth
  2968 | D:2      | Found an opulent altar of Gozag.
  3304 | D:2      | Reached * piety under Fedhas
  3574 | D:3      | XOM: severe Fire miscast
  3574 | D:3      | Killed by the severe capriciousness of Xom

Vault maps used:
D:1:      dpeg_arrival_rooms_b, kennysheep_small_spiral, item_on_display_a
D:2:      good_gods_temple_1, minmay_misc_feat_doors, nicolae_gozag_seed_capital
D:3:      marbit_many_paths, ashenzari_altar_1, first_bread,
          portal_sewer_entry_d, minmay_misc_feat_encased
D:4:      minmay_temple_entry_glass, serial_shops, shop_scrolls
Temple:   minmay_freezing_vapour_temple_12

Action                   |  1- 3 |  4- 6 || total
-------------------------+-------+-------++-------
Melee: Short sword       |    48 |    34 ||    82
       Rapier            |       |    48 ||    48
Throw: Javelin           |     5 |       ||     5
Invok: Evolution         |       |     1 ||     1
Evoke: Wand              |     4 |    29 ||    33
  Use: Potion            |     1 |       ||     1
       Scroll            |       |     3 ||     3
 Stab: Sleeping          |     3 |    10 ||    13
  Eat: Chunk             |       |     2 ||     2
       Meat ration       |       |     1 ||     1
